 Dungeon Crawl Stone Soup version 0.17.0-18-gaab0e96 (webtiles) character file.

244 xeno23 the Gusty (level 6, 0/32 HPs)
             Began as a Tengu Air Elementalist on Nov 11, 2015.
             Slain by a killer bee (7 damage)
             ... on level 4 of the Dungeon.
             The game lasted 00:18:16 (2317 turns).

xeno23 the Gusty (Tengu Air Elementalist)           Turns: 2317, Time: 00:18:16

Health: 0/32       AC:  3    Str:  8    XL:     6   Next: 10%
Magic:  2/12       EV: 12    Int: 17    God:
Gold:   54         SH:  0    Dex: 15    Spells: 4 memorised, 4 levels left

rFire  . . .     SeeInvis .     h - +1 dagger (drain)
rCold  . . .     Clarity  .     a - +0 robe
rNeg   . . .     SustAt   .     (no shield)
rPois  +         Gourm    .     (helmet restricted)
rElec  .         Spirit   .     (no cloak)
rCorr  .         Warding  .     m - +0 pair of gloves
rMut   .         Stasis   .     (boots unavailable)
MR     .....                    (no amulet)
Stlth  ++........               (no ring)
                                j - ring of poison resistance

@: not resistant to hostile enchantments, unstealthy
A: beak, talons 3, regeneration 1, able to fly 1
a: Fly


You were on level 4 of the Dungeon.
You were not hungry.

You visited 1 branch of the dungeon, and saw 4 of its levels.
You visited the Abyss 1 time.

You collected 54 gold pieces.

Inventory:

Hand Weapons
 h - a +1 dagger of draining (weapon)
Missiles
 g - 7 poisoned needles
Armour
 a - a +0 robe (worn)
 m - a +0 pair of gloves (worn)
Jewellery
 i - an uncursed amulet of warding {unknown}
 j - a ring of poison resistance (left hand)
Scrolls
 c - a scroll of magic mapping
 e - a scroll of remove curse
Potions
 k - a potion of cancellation {unknown}
Books
 b - a book of Air

   Spells                             Type                      Level
   a - Shock                          Conjuration/Air              1
   b - Swiftness                      Charms/Air                   2
   c - Repel Missiles                 Charms/Air                   2
   d - Static Discharge               Conjuration/Air              3
   e - Lightning Bolt                 Conjuration/Air              5
Comestibles
 f - 2 chunks of flesh
 l - a meat ration


   Skills:
 - Level 2.1 Dodging
 - Level 2.0 Stealth
 + Level 3.7 Spellcasting
 + Level 4.2 Conjurations
 + Level 6.0 Air Magic


You had 4 spell levels left.
You knew the following spells:

 Your Spells              Type           Power        Failure   Level  Hunger
a - Shock                 Conj/Air       ###.         1%          1    None
b - Swiftness             Chrm/Air       ##......     10%         2    ##.....
q - Static Discharge      Conj/Air       ###.....     8%          3    ###....
r - Repel Missiles        Chrm/Air       ##....       10%         2    ##.....


Dungeon Overview and Level Annotations

Branches:
Dungeon (4/15)
 Temple: D:4-7

Altars:
Makhleb
Qazlal
Ru
Zin

Annotations:
D:3 puimuR's ghost, amateur DsBe
D:4 exclusion: door, HaroldButt's ghost, amateur DrTm


Innate Abilities, Weirdness & Mutations

You have a beak for a mouth.
You have claws for feet.
You can fly.
Your natural rate of healing is unusually fast.


Message History

The zap misses the killer bee.
The zap hits the killer bee.
You kill the killer bee!
Your Air Magic skill increases to level 6!
You have reached level 6!
Your experience leads to an increase in your attributes!
Increase (S)trength, (I)ntelligence, or (D)exterity?
You feel clever.
The zap misses the killer bee.
The killer bee stings you.
* * * LOW HITPOINT WARNING * * *
The killer bee misses you.
You take 5 damage.
Casting: Shock
Confirm with . or Enter, or press ? or * to list all spells.
Aiming: Shock
Press: ? - help, Shift-Dir - straight line, f/p - killer bee
Aim: a killer bee (severely wounded)
The zap hits the killer bee.
The killer bee is almost dead.
The zap misses the killer bee.
The killer bee stings you!
You die...

#.. #.. #.. #.# #.# #.#
###########.############
.............yy@.).....##
###
##.....#############..#
#.. #.....# ##.######.#
#...%.## #.#.......
#.....# #.#.####.#
#.....# #.#.# ... #...<.#
#.#.# ##.# #.....#
#.#.#.#... #.....#
#......._.


You could see 2 killer bees.

Vanquished Creatures
  A killer bee (D:4)
  An orc wizard (D:3)
  Natasha (thrice) (D:2)
  2 worker ants (D:4)
  3 adders
  2 oozes
  A worm (D:3)
  2 orcs
  2 ball pythons
  5 giant cockroaches
  2 goblins
  5 hobgoblins
  5 jackals (D:2)
  8 kobolds
  A bat (D:2)
  4 giant geckos
  3 giant newts
  4 rats
54 creatures vanquished.

Notes
Turn   | Place    | Note
--------------------------------------------------------------
     0 | D:1      | xeno23 the Tengu Air Elementalist began the quest for the Orb.
     0 | D:1      | Reached XP level 1. HP: 10/10 MP: 4/4
   264 | D:1      | Reached XP level 2. HP: 12/15 MP: 1/6
   756 | D:2      | Reached XP level 3. HP: 7/19 MP: 0/7
  1087 | D:2      | Learned a level 3 spell: Static Discharge
  1097 | D:2      | Learned a level 2 spell: Repel Missiles
  1106 | D:2      | Found a stormy altar of Qazlal.
  1129 | D:2      | Noticed Natasha
  1138 | D:2      | Killed Natasha
  1138 | D:2      | Reached skill level 5 in Air Magic
  1249 | D:2      | Noticed Natasha
  1253 | D:2      | Killed Natasha
  1253 | D:2      | Reached XP level 4. HP: 13/24 MP: 2/9
  1256 | D:2      | Noticed Natasha
  1296 | D:3      | Noticed puimuR's ghost (amateur DsBe)
  1449 | D:3      | Cast into the Abyss (orc)
  1493 | Abyss:1  | Noticed a sixfirhy
  1500 | D:3      | Escaped the Abyss
  1503 | D:3      | Gained mutation: Your natural rate of healing is unusually fast. [potion of beneficial mutation]
  1543 | D:2      | Killed Natasha
  1707 | D:2      | Learned a level 2 spell: Swiftness
  1759 | D:2      | Gained mutation: You can fly. [Tengu growth]
  1759 | D:2      | Reached XP level 5. HP: 28/28 MP: 6/10
  1802 | D:2      | Found a burning altar of Makhleb.
  1803 | D:2      | Noticed an Executioner
  1808 | D:2      | Found a glowing silver altar of Zin.
  1808 | D:2      | Noticed an angel
  2149 | D:4      | Noticed a black bear
  2212 | D:4      | Found a sacrificial altar of Ru.
  2266 | D:4      | Noticed HaroldButt's ghost (amateur DrTm)
  2316 | D:4      | Reached skill level 6 in Air Magic
  2316 | D:4      | Reached XP level 6. HP: 12/32 MP: 3/12
  2317 | D:4      | Slain by a killer bee

Action                   |  1- 3 |  4- 6 || total
-------------------------+-------+-------++-------
Melee: Unarmed           |    39 |       ||    39
       Dagger            |     3 |    39 ||    42
 Cast: Shock             |    47 |    49 ||    96
       Static Discharge  |       |     8 ||     8
 Abil: Fly               |       |     1 ||     1
  Use: Scroll            |       |     6 ||     6
       Potion            |       |     1 ||     1
 Stab: Sleeping          |       |     1 ||     1
  Eat: Chunk             |     1 |     1 ||     2
       Bread ration      |       |     1 ||     1
